 Dungeon Crawl Stone Soup version 0.20-a0-939-g04f5055 (webtiles) character file.

176 galech the Ducker (level 5, -13/53 HPs)
             Began as a Troll Monk on Mar 30, 2017.
             Mangled by mopl's ghost (15 damage)
             ... on level 4 of the Dungeon.
             The game lasted 00:05:14 (2733 turns).

galech the Ducker (Troll Monk)                      Turns: 2733, Time: 00:05:15

Health: -13/53     AC:  6    Str: 20    XL:     5   Next: 30%
Magic:  4/4        EV: 11    Int:  6    God:
Gold:   172        SH:  0    Dex: 12    Spells: 4/4 levels left

rFire    . . .     SeeInvis .     - Unarmed
rCold    . . .     Gourm    +   (no shield)
rNeg     . . .     Faith    .   a - +0 robe
rPois    .         Spirit   .   (helmet restricted)
rElec    .         Reflect  .   c - +0 cloak
rCorr    .         Harm     .   (gloves unavailable)
MR       .....                  (boots unavailable)
Stlth    +.........             (no amulet)
Regen    0.6/turn               e - ring of loudness (curse)
MPRegen  0.1/turn               (no ring)

@: no status effects
A: unfitting armour, claws 3, fast metabolism 3, gourmand, regeneration 1,
shaggy fur 1, tough skin 2
a: no special abilities


You were on level 4 of the Dungeon.
You were completely stuffed.

You visited 1 branch of the dungeon, and saw 4 of its levels.

You collected 172 gold pieces.

Inventory:

Armour
 a - a +0 robe (worn)
 c - a +0 cloak (worn)
Jewellery
 e - a cursed ring of loudness (left claw)
 m - a cursed ring of teleportation {unknown}
Scrolls
 d - 2 scrolls of recharging {unknown}
 f - a scroll of amnesia {unknown}
 h - 4 scrolls of teleportation {unknown}
 j - 2 scrolls of remove curse {unknown}
 k - 2 scrolls of immolation {unknown}
 n - a scroll of enchant weapon {unknown}
Potions
 g - a potion of curing {unknown}
Comestibles
 b - 4 bread rations
 i - 4 chunks of flesh
 l - a meat ration


   Skills:
 + Level 3.6 Fighting
 + Level 4.0 Dodging
 + Level 2.5 Stealth
 + Level 3.2 Unarmed Combat


You had 4 spell levels left.
You didn't know any spells.

Dungeon Overview and Level Annotations

Branches:
Dungeon (4/15)
 Temple: D:4-7

Altars:
Fedhas
Makhleb
Okawaru
Qazlal
Zin

Annotations:
D:4 mopl's ghost, amateur MiHu


Innate Abilities, Weirdness & Mutations

You are too large for most types of armour.
You have claws for hands.
Your metabolism is lightning-fast.
You like to eat raw meat.
Your natural rate of healing is unusually fast.
You are covered in fur. (AC +1)
You have very tough skin. (AC +2)


Message History

You claw mopl's ghost!
Mopl's ghost is severely damaged.
Mopl's ghost hits you.
* * * LOW HITPOINT WARNING * * *
You scratch mopl's ghost.
Mopl's ghost is almost destroyed.
Mopl's ghost hits you.
* * * LOW HITPOINT WARNING * * *
You closely miss mopl's ghost.
Mopl's ghost is almost destroyed.
Mopl's ghost hits you.
* * * LOW HITPOINT WARNING * * *
You barely miss mopl's ghost.
Mopl's ghost is almost destroyed.
Mopl's ghost hits you.
* * * LOW HITPOINT WARNING * * *
You scratch mopl's ghost.
Mopl's ghost is almost destroyed.
Mopl's ghost hits you!
You die...

.# .. .# .. .. #. ..
####.# .# (...## .#
#####...## .# .........#
.# #.# #.#?# .# #.#
#.#@# ## .# #.#
#.#W#####...# .#
#.#######............ .#
#.##........#.###... .#
#.##.#####..#.####.###
##
##.......##..#......)..
#
#<..รท........######(##.
#####.###..###..##
.>....###.## ##.#


You could see mopl's ghost.

Vanquished Creatures
  Jessica (D:2)
  8 adders
  An ooze (D:2)
  2 worms
  2 leopard geckos (D:1)
  2 orcs (D:4)
  4 giant cockroaches
  8 goblins
  11 hobgoblins
  2 jackals
  A quokka (D:2)
  5 ball pythons
  9 bats
  6 kobolds
  4 rats
66 creatures vanquished.

Notes
Turn   | Place    | Note
-------+----------+-------------------------------------------
     0 | D:1      | galech the Troll Monk began the quest for the Orb.
     0 | D:1      | Reached XP level 1. HP: 23/23 MP: 0/0
   285 | D:1      | Reached XP level 2. HP: 31/31 MP: 1/1
  1048 | D:2      | Found a burning altar of Makhleb.
  1061 | D:2      | Reached skill level 1 in Unarmed Combat
  1061 | D:2      | Reached XP level 3. HP: 37/37 MP: 2/2
  1451 | D:2      | Reached XP level 4. HP: 45/45 MP: 3/3
  1532 | D:2      | Noticed Jessica
  1545 | D:2      | Killed Jessica
  1734 | D:3      | Found a blossoming altar of Fedhas.
  1742 | D:3      | Found a stormy altar of Qazlal.
  1769 | D:3      | Found a glowing silver altar of Zin.
  2342 | D:4      | Reached XP level 5. HP: 48/53 MP: 4/4
  2355 | D:4      | Noticed mopl's ghost (amateur MiHu)
  2626 | D:4      | Found an iron altar of Okawaru.
  2690 | D:4      | Reached skill level 4 in Dodging
  2732 | D:4      | HP: 1/53 [mopl's ghost (4)]
  2733 | D:4      | Mangled by mopl's ghost

Vault maps used:
D:1:      dpeg_arrival_short_road, minivault_5, hangedman_decor_slide_cut
D:2:      nicolae_overflow_hidden_temple, uniq_jessica
D:3:      minmay_door_path, grunt_temple_overflow_forces_of_nature,
          lemuel_crystal_altar, first_bread, minmay_misc_feat_alley
D:4:      okawaru_altar_gauntlet_db

Skill      XL: |  1  2  3  4  5 |
---------------+----------------+-----
Unarmed Combat | 1 2 3 |  3.2
Dodging        | 4 |  4.0
Fighting       | |  3.6
Stealth        | |  2.5

Action                   |  1- 3 |  4- 6 || total
-------------------------+-------+-------++-------
Melee: Unarmed           |    98 |   130 ||   228
 Stab: Sleeping          |     1 |     1 ||     2
  Eat: Chunk             |    19 |    12 ||    31
Armor: Robe              |    39 |    46 ||    85
Dodge: Dodged            |    59 |    67 ||   126
